 Dungeon Crawl Stone Soup version 0.30-a0-802-gb92711bcdf (webtiles) character file.

Game seed: 123324173053231360

46034 demibob the Fencer (level 14, -6/141 (148) HPs)
             Began as a Minotaur Fighter on Feb 24, 2023.
             Was an Initiate of Gozag.
             Mangled by an orc warrior
             ... wielding a +0 war axe
              (21 damage)
             ... on level 2 of the Orcish Mines.
             The game lasted 00:25:02 (18796 turns).

demibob the Fencer (Minotaur Fighter)              Turns: 18796, Time: 00:25:03

HP:   -6/141 (148)  AC: 14    Str: 26    XL:     14   Next: 3%
MP:   13/13         EV: 10    Int:  6    God:    Gozag
Gold: 1595          SH:  0    Dex: 11    Spells: 13/13 levels left

rFire   . . .      SeeInvis .    b - +5 great sword (flame)
rCold   . . .      Faith    .    (shield currently unavailable)
rNeg    . . .      Spirit   .    d - +0 scale mail
rPois   +          Reflect  .    e - +1 hat
rElec   .          Harm     .    g - +0 cloak
rCorr   .          Rampage  .    k - +0 pair of gloves
Will    +....                    (no boots) Stlth
                                 (no amulet)
HPRegen 0.43/turn                P - ring of poison resistance
MPRegen 0.13/turn                Y - +4 ring of slaying

@: gold aura, lightly drained
A: horns 2, retaliatory headbutt, robust 1, strong 1
a: Renounce Religion, Potion Petition, Call Merchant, Bribe Branch


You were on level 2 of the Orcish Mines.
You worshipped Gozag.
Gozag was most pleased with you.
You visited 4 branches of the dungeon, and saw 19 of its levels.

You collected 5189 gold pieces.
You paid 3594 gold pieces to Gozag.


Innate Abilities, Weirdness & Mutations

You have a pair of horns on your head.
You reflexively headbutt those who attack you in melee.
You are robust. (+10% HP)
Your muscles are strong. (Str +4, Int/Dex -1)


   Skills:
 + Level 15.3 Fighting
 - Level 20.0 Long Blades
 + Level 15.3 Armour
 - Level 3.6 Shields


You had 13 spell levels left.
You didn't know any spells.
Your spell library contained the following spells:

 Spells                   Type           Power      Damage    Failure   Level
 Foxfire                  Conj/Fire      0%         2x1d4     65%         1
 Static Discharge         Conj/Air       0%         2-2/arc   80%         2
 Sublimation of Blood     Necr           0%         N/A       80%         2
 Wereblood                Tmut           0%         N/A       80%         2
 Inner Flame              Hex/Fire       0%         N/A       95%         3
 Vhi's Electric Charge    Tloc/Air       0%         N/A       95%         3
 Cause Fear               Hex            0%         N/A       100%        4
 Summon Lightning Spire   Summ/Air       0%         N/A       100%        4
 Arcjolt                  Conj/Air       0%         1d10      100%        5
 Lightning Bolt           Conj/Air       0%         1d11      100%        5
 Summon Hydra             Summ           0%         N/A       100%        7
 Discord                  Hex            0%         N/A       100%        8

Inventory:

Hand Weapons
 a - a +0 long sword
 b - a +5 great sword of flaming (weapon)
Missiles
 o - 2 throwing nets {=f}
Armour
 d - a +0 scale mail (worn)
 e - a +1 hat (worn)
 g - a +0 cloak (worn)
 k - a +0 pair of gloves (worn)
 r - a +0 pair of boots
 u - a +1 pair of boots
 C - a scarf of shadows
 I - a +0 crystal plate armour
Magical Staves
 L - a staff of fire {!a}
Jewellery
 c - an amulet of regeneration
 v - a ring of see invisible
 J - an amulet of magic regeneration
 N - a ring of positive energy
 P - a ring of poison resistance (left hand)
 R - a ring of resist corrosion
 T - a +4 ring of protection
 W - a ring of willpower
 Y - a +4 ring of slaying (right hand)
Wands
 f - a wand of acid (7)
 i - a wand of roots (15)
 w - a wand of mindburst (19)
 y - a wand of flame (21)
 B - a wand of polymorph (4)
Scrolls
 m - 2 scrolls of teleportation {@r2}
 n - a scroll of enchant weapon
 p - 5 scrolls of magic mapping
 t - 2 scrolls of enchant armour
 z - a scroll of blinking
 H - 2 scrolls of amnesia
Potions
 h - 2 potions of might
 j - 2 potions of flight
 l - 2 potions of resistance
 q - 3 potions of magic
 s - 4 potions of curing {@q1}
 D - 4 potions of berserk rage {unknown}
 E - 3 potions of ambrosia
 F - a potion of heal wounds {@q2}
 G - 3 potions of brilliance
 O - 2 potions of cancellation {unknown}
Miscellaneous
 M - a phantom mirror

Dungeon Overview and Level Annotations

Branches:
Dungeon (11/15)            Temple (1/1) D:6            Lair (5/5) D:9
  Swamp (0/4) Lair:3        Snake (0/4) Lair:3        Slime (0/5) Lair:4
    Orc (2/2) D:9
    Elf: Orc:2

Altars:
Elyvilon
Fedhas
Gozag
Hepliaklqana
Kikubaaqudgha
Nemelex Xobeh
Qazlal
Ru
Vehumet
Wu Jian
Xom
Yredelemnul
Zin
The Shining One
Jiyva

Shops:
D:9 ((**

Annotations:
D:5 2 transporters, AuraOfTheDawn's ghost, novice TrFi
Lair:2 exclusion: 2 oklob plants
Lair:4 1 runed translucent door, bronco's ghost, journeyman HOGl

.....
............##
......#....#....###
#.# ..##. ##....###
## .. ## #..$$#.##
##$$$...# #.$##.##
##$#### ####...###
......o@o#
..........#
▒..▒▒..▒▒...#
....c.... ▒c.#
...o..... ..#
≈≈.o..... ..# ≈≈..
o# ≈≈≈. .#


You could see 5 orc warriors and 2 centaurs.


Message History

The centaur shoots an arrow.
The arrow hits you but does no damage.
You feel drained.
The orc knight unwields a +0 arbalest.
The orc knight wields a +0 glaive.
The orc knight hits you with a +0 glaive!!
* * * LOW HITPOINT WARNING * * *
You slice the orc knight!! You burn the orc knight!
Your headbutt misses the orc knight.
The orc knight is moderately wounded.
The centaur shoots an arrow.
The arrow closely misses you.
An orc comes into view. It is wielding a +0 arbalest.
You slice the orc knight!! You burn the orc knight.
Your headbutt misses the orc knight.
The orc knight is severely wounded.
The orc knight hits you with a +0 glaive.
* * * LOW HITPOINT WARNING * * *
You cut the orc knight into ribbons!!! You burn the orc knight.
You kill the orc knight!
Your surroundings suddenly seem different.
An orc warrior comes into view. It is wielding a +0 battleaxe.
The orc warrior unwields a +0 arbalest.
The orc warrior wields a +0 war axe.
The orc warrior hits you with a +0 war axe!
* * * LOW HITPOINT WARNING * * *
The centaur wields a +0 shortbow.
The centaur shoots an arrow.
The arrow hits you!
* * * LOW HITPOINT WARNING * * *
Unknown command.
The orc warrior attacks as you move away!
The orc warrior hits you with a +0 war axe!!
You die...
Your body crumbles into a pile of gold.

Skill      XL: |  1  2  3  4  5  6  7  8  9 10 11 12 13 |
---------------+----------------------------------------+-----
Long Blades    | 3 4 5 6 7 9 11 14 16 19 20 | 20.0
Fighting       | 8 12 15 | 15.3
Armour         | 8 12 15 | 15.3
Shields        | |  3.6

Action                     |  1- 3 |  4- 6 |  7- 9 | 10-12 | 13-15 || total
---------------------------+-------+-------+-------+-------+-------++-------
  Melee: Long sword        |    81 |    40 |       |       |       ||   121
         Headbutt          |     7 |     9 |    25 |    63 |    55 ||   159
         Great sword       |       |    63 |   147 |   413 |   308 ||   931
 Invoke: Call Merchant     |       |       |       |     3 |     1 ||     4
  Evoke: Wand              |       |       |       |     5 |     3 ||     8
    Use: Scroll            |     5 |     3 |     9 |     8 |    10 ||    35
         Potion            |       |     5 |     2 |     4 |     5 ||    16
   Stab: Distracted        |       |       |     1 |     6 |     5 ||    12
 Armour: Scale mail        |    34 |    56 |    49 |   150 |   123 ||   412
         Skin              |       |    28 |       |       |       ||    28
  Dodge: Dodged            |    52 |    61 |    87 |   170 |   148 ||   518

Levels and vault maps discovered:
D:1:      mushboom_english_gardens, layout_basic, grunt_decor_cap
D:2:      layout_basic, dreamdust_ecumenical_altar_sealed_demon, uniq_terence
D:3:      minmay_wonky_spiral, layout_loops_corners, biasface_ghost_orc_armoury,
          kennysheep_generic_room_15
D:4:      minmay_octagon_keep, layout_cave_pods, lemuel_crystal_altar,
          dreamdust_gnoll_farm
D:5:      layout_cave_pools, mainiacjoe_overflow_alcove_1, gammafunk_ghost_hive
D:6:      layout_layer_cave, minmay_temple_entry_waves
D:7:      layout_rooms, nicolae_ru_path_of_blood,
          nicolae_overflow_hidden_temple, hangedman_decor_riveting, uniq_maggie,
          uniq_pikel
D:8:      layout_gridville, brannock_xom_greatest_gift
D:9:      layout_basic, mainiacjoe_overflow_brackets, erik_lair_orcish_takeover,
          orc_0_dummy
D:10:     minmay_cut_squares, layout_basic, nzn_wu_jian_council_hall,
          mainiacjoe_overflow_cross_hatched, nicolae_looking_at_the_future,
          uniq_josephine
D:11:     layout_rooms
Temple:   jpeg_temple_clearing
Lair:1:   layout_regular_city, serial_bayou_shore_b, grunt_megastairs_5
Lair:2:   regret_index_harrowing_hell_hive, layout_regular_city
Lair:3:   layout_hall_layers, nicolae_swamp_entry_splash_gauntlet,
          dummy_snake_entry, uniq_amaemon, uniq_nessos, uniq_nergalle
Lair:4:   dreamdust_labyrinth, layout_cave_pods, minmay_slime_entry_pillars,
          enter_volcano_1, ebering_ghost_inner_flame, uniq_sonja
Lair:5:   hellmonk_lair_end_abyssal_woods, layout_cave_shapes,
          nicolae_lair_time_for_slime, grunt_megastairs_3
Orc:1:    layout_diamond_mine
Orc:2:    st_orc_rangers, layout_diamond_mine,
          gammafunk_ghost_wrathful_warriors, basic_altar

Notes
Turn   | Place    | Note
-------+----------+-------------------------------------------
     0 | D:1      | demibob the Minotaur Fighter began the quest for the Orb.
     0 | D:1      | Reached XP level 1. HP: 19/19 MP: 0/0
   109 | D:1      | Reached skill level 3 in Long Blades
   303 | D:1      | Reached XP level 2. HP: 26/26 MP: 1/1
   659 | D:1      | Reached skill level 4 in Long Blades
   804 | D:2      | Reached XP level 3. HP: 26/31 MP: 2/2
  1111 | D:3      | Reached skill level 5 in Long Blades
  1143 | D:3      | Reached XP level 4. HP: 39/39 MP: 3/3
  1273 | D:3      | Found a runed translucent gate.
  1273 | D:3      | Noticed tarna41's ghost (amateur GnHs)
  1274 | D:3      | Found a runed translucent gate.
  1275 | D:3      | Found a runed translucent gate.
  1275 | D:3      | Identified the +0 scale mail of Wu Jian's Hope {Fly rF+
                  | Will- Int+4}
  1901 | D:3      | Gained mutation: You are frail. (-10% HP) [potion of
                  | mutation]
  1901 | D:3      | Gained mutation: Your movements are slightly less
                  | encumbered by armour. (ER -2) [potion of mutation]
  1915 | D:3      | Killed tarna41's ghost
  1916 | D:3      | Reached skill level 6 in Long Blades
  1916 | D:3      | Reached XP level 5. HP: 40/40 MP: 4/4
  2020 | D:4      | Reached skill level 7 in Long Blades
  2587 | D:4      | Reached XP level 6. HP: 41/45 MP: 5/5
  2631 | D:4      | Reached skill level 8 in Long Blades
  2633 | D:4      | Lost mutation: You are frail. (-10% HP) [potion of
                  | mutation]
  2633 | D:4      | Lost mutation: Your movements are slightly less encumbered
                  | by armour. (ER -2) [potion of mutation]
  2633 | D:4      | Gained mutation: You are robust. (+10% HP) [potion of
                  | mutation]
  2633 | D:4      | Gained mutation: Your muscles are strong. (Str +4, Int/Dex
                  | -1) [potion of mutation]
  2794 | D:4      | Found a hazy altar of Hepliaklqana.
  2858 | D:4      | Identified the +3 chain mail "Wotiashi" {rC+ Will++ Str+4}
  3087 | D:5      | Entered Level 5 of the Dungeon
  3094 | D:5      | Noticed AuraOfTheDawn's ghost (novice TrFi)
  3111 | D:5      | Found a stormy altar of Qazlal.
  3143 | D:5      | Reached skill level 9 in Long Blades
  3143 | D:5      | Reached XP level 7. HP: 58/62 MP: 6/6
  3203 | D:5      | Found a transporter.
  3203 | D:5      | Found a transporter.
  3439 | D:5      | Reached skill level 10 in Long Blades
  3693 | D:6      | Identified 2 potions of resistance
  3854 | D:6      | Reached skill level 11 in Long Blades
  3891 | D:6      | Found a staircase to the Ecumenical Temple.
  3894 | D:6      | Reached XP level 8. HP: 70/70 MP: 7/7
  3899 | Temple   | Entered the Ecumenical Temple
  3947 | Temple   | Became a worshipper of Gozag Ym Sagoz the Greedy
  4378 | D:6      | Reached skill level 12 in Long Blades
  5317 | D:7      | Reached skill level 13 in Long Blades
  5524 | D:7      | Found a sacrificial altar of Ru.
  5618 | D:7      | Found a radiant altar of Vehumet.
  5649 | D:7      | Noticed a hornet
  5652 | D:7      | Killed a hornet
  5653 | D:7      | Reached skill level 14 in Long Blades
  5653 | D:7      | Reached XP level 9. HP: 77/77 MP: 8/8
  5704 | D:7      | Noticed Maggie
  5714 | D:7      | Killed Maggie
  5744 | D:7      | Noticed Pikel
  5750 | D:7      | Killed Pikel
  5751 | D:7      | Reached skill level 15 in Long Blades
  6270 | D:8      | Reached skill level 16 in Long Blades
  6489 | D:8      | Reached XP level 10. HP: 60/84 MP: 9/9
  6492 | D:8      | Reached skill level 17 in Long Blades
  6597 | D:8      | Found a shimmering altar of Xom.
  6870 | D:8      | Identified the +8 trident "Gukuene" {pain, Str+3}
  7618 | D:9      | Reached skill level 18 in Long Blades
  7734 | D:9      | Found a staircase to the Orcish Mines.
  8132 | D:9      | Reached skill level 19 in Long Blades
  8206 | D:9      | Found a staircase to the Lair.
  8495 | D:9      | Reached XP level 11. HP: 50/87 MP: 10/10
  8749 | D:9      | Found a blossoming altar of Fedhas.
  8829 | Lair:1   | Entered Level 1 of the Lair of Beasts
  8989 | Lair:1   | Reached skill level 20 in Long Blades
  9074 | Lair:1   | Reached skill level 4 in Fighting
  9074 | Lair:1   | Reached skill level 4 in Armour
  9082 | Lair:1   | Identified a scroll of acquirement
  9096 | Lair:1   | Acquired 873 gold pieces
  9393 | Lair:1   | Reached skill level 5 in Fighting
  9393 | Lair:1   | Reached skill level 5 in Armour
  9943 | Lair:2   | You fall into a shaft and drop 1 floor!
  9943 | Lair:3   | Found a staircase to the Snake Pit.
 10102 | Lair:2   | Reached skill level 6 in Armour
 10167 | Lair:2   | Reached skill level 6 in Fighting
 10184 | Lair:2   | Noticed a skyshark
 10195 | Lair:2   | Killed a skyshark
 10336 | Lair:2   | Reached skill level 7 in Fighting
 10336 | Lair:2   | Reached skill level 7 in Armour
 10569 | Lair:2   | Reached skill level 8 in Fighting
 10569 | Lair:2   | Reached skill level 8 in Armour
 10885 | Lair:2   | Reached XP level 12. HP: 69/113 MP: 11/11
 11128 | Lair:2   | Reached skill level 9 in Fighting
 11128 | Lair:2   | Reached skill level 9 in Armour
 11906 | Lair:3   | Noticed Amaemon
 11921 | Lair:3   | Killed Amaemon
 12164 | Lair:3   | Noticed Nessos
 12166 | Lair:3   | Nessos changed into Nessos the culicivora
 12166 | Lair:3   | Noticed Nessos
 12170 | Lair:3   | Killed Nessos the culicivora
 12351 | Lair:3   | Reached skill level 10 in Fighting
 12351 | Lair:3   | Reached skill level 10 in Armour
 12575 | Lair:3   | Noticed Nergalle
 12599 | Lair:3   | Killed Nergalle
 12600 | Lair:3   | Reached skill level 11 in Fighting
 12600 | Lair:3   | Reached skill level 11 in Armour
 12640 | Lair:3   | Identified a +0 crystal plate armour
 13231 | Lair:3   | Found a staircase to the Swamp.
 13454 | Lair:4   | Found a staircase to the Slime Pits.
 13456 | Lair:4   | Found a viscous altar of Jiyva.
 13465 | Lair:4   | Noticed Sonja
 13474 | Lair:4   | Killed Sonja
 13475 | Lair:4   | Reached skill level 12 in Fighting
 13475 | Lair:4   | Reached skill level 12 in Armour
 13544 | Lair:4   | Noticed a death yak
 13544 | Lair:4   | Noticed a death yak
 13548 | Lair:4   | Noticed a death yak
 13549 | Lair:4   | Killed a death yak
 13555 | Lair:4   | Killed a death yak
 13559 | Lair:4   | Killed a death yak
 13569 | Lair:4   | Found a dark tunnel.
 13679 | Lair:4   | Reached XP level 13. HP: 130/130 MP: 12/12
 14174 | Lair:4   | Reached skill level 13 in Fighting
 14221 | Lair:4   | Found a runed translucent door.
 14226 | Lair:4   | Noticed bronco's ghost (journeyman HOGl)
 14235 | Lair:4   | Reached skill level 13 in Armour
 14268 | Lair:4   | Found a runed translucent door.
 14789 | Lair:4   | Noticed a minotaur
 14793 | Lair:4   | Killed a minotaur
 15030 | Lair:5   | Entered Level 5 of the Lair of Beasts
 15563 | Lair:5   | Noticed a dire elephant
 15647 | D:10     | Entered Level 10 of the Dungeon
 15647 | D:10     | Noticed Josephine
 15655 | D:9      | Killed Josephine
 15996 | D:10     | Reached skill level 14 in Fighting
 15996 | D:10     | Reached skill level 14 in Armour
 16068 | D:10     | Got the Essays on the Squall and Embers
 16797 | D:10     | Found a sparkling altar of Nemelex Xobeh.
 17118 | D:10     | Found an ornate altar of the Wu Jian Council.
 17557 | D:11     | Paralysed by a hornet for 1 turns
 18016 | D:11     | Reached skill level 15 in Fighting
 18016 | D:11     | Reached skill level 15 in Armour
 18350 | Orc:1    | Entered Level 1 of the Orcish Mines
 18586 | Orc:2    | Entered Level 2 of the Orcish Mines
 18604 | Orc:2    | Noticed an ettin
 18611 | Orc:2    | Killed an ettin
 18755 | Orc:2    | Reached XP level 14. HP: 95/148 MP: 13/13
 18796 | Orc:2    | Mangled by an orc warrior

Vanquished Creatures
  A minotaur (Lair:4)
  An ettin (Orc:2)
  Josephine (D:9)
  An ogre mage (D:10)
  4 death yaks (Lair:4)
  A boulder beetle (D:10)
  Sonja (Lair:4)
  A skyshark (Lair:2)
  Nergalle (Lair:3)
  Amaemon (Lair:3)
  Pikel (D:7)
  2 bog bodies (Lair:3)
  2 orc knights
  2 cyclopes (D:10)
  A manticore (D:10)
  6 black mambas
  An orange demon (Lair:3)
  Maggie (D:7)
  8 cane toads
  4 rime drakes
  7 komodo dragons
  3 trolls
  A queen bee (D:10)
  2 hornets
  25 blink frogs
  5 dream sheep (Lair:4)
  A blink frog (shapeshifter) (D:10)
  A culicivora (shapeshifter) (D:10)
  A culicivora (Lair:3)
  2 slime creatures
  A shadow (D:9)
  5 wyverns
  7 wraiths
  45 yaks
  A steam dragon (D:7)
  3 basilisks
  4 wargs
  2 swamp worms (Lair:3)
  2 acid dragons
  18 water moccasins
  An ice beast (D:7)
  13 orc warriors
  A black bear (D:5)
  An ogre (Orc:2)
  The ghost of tarna41 the Vexing, an amateur GnHs (D:3)
  6 wolves
  10 centaurs
  A kobold brigand (D:8)
  A gnoll sergeant (D:7)
  12 bullfrogs
  2 scorpions
  25 wights
  32 killer bees
  5 howler monkeys
  An electric eel (Lair:3)
  2 hounds
  A gnoll bouda (D:6)
  8 orc priests
  5 jellies
  12 orc wizards
  An iguana (D:7)
  4 hell rats
  18 gnolls
  10 adders
  A shadow imp (D:6)
  A worm (D:2)
  5 dart slugs
  49 orcs
  4 ball pythons
  2 bats
  4 endoplasms
  2 giant cockroaches
  5 goblins
  7 hobgoblins
  2 jackals (D:4)
  8 kobolds
  3 quokkas
  3 frilled lizards (D:3)
  6 rats
452 creatures vanquished.

Vanquished Creatures (others)
  7 fungi
  19 plants
26 creatures vanquished.

Grand Total: 478 creatures vanquished

Table legend: (Time is in decaauts)
 A = Elapsed time spent in this place.
 B = Non-inter-level travel time spent in this place.
 C = Inter-level travel time spent in this place.
 D = Time resting spent in this place.
 E = Time spent auto-exploring this place.
 F = Levels seen in this place.
 G = Mean time per level.
                   A        B        C        D        E       F      G
               +--------+--------+--------+--------+--------+-----+--------+
         Total |  18697 |  17884 |    813 |   1983 |  13453 |  19 |  984.1 |
       Dungeon |  11597 |  11237 |    360 |   1303 |   8345 |  11 | 1054.3 |
        Temple |     71 |     32 |     39 |      0 |     26 |   1 |   71.0 |
          Lair |   6601 |   6194 |    407 |    672 |   4772 |   5 | 1320.2 |
  Orcish Mines |    426 |    420 |      6 |      7 |    309 |   2 |  213.0 |
               +--------+--------+--------+--------+--------+-----+--------+

Top non-repeatable levels by time:
  Lair:4: 2139 daAuts
    D:10: 1954 daAuts
  Lair:2: 1682 daAuts
  Lair:3: 1589 daAuts
     D:9: 1490 daAuts
     D:6: 1485 daAuts
     D:8: 1356 daAuts
  Lair:1: 1155 daAuts
     D:3: 1131 daAuts
     D:4: 1119 daAuts
     D:7: 927 daAuts
     D:1: 714 daAuts
    D:11: 649 daAuts
     D:5: 594 daAuts
   Orc:1: 226 daAuts

Table legend:
 A = Non-vault XP
 B = Vault XP
 C = Vault XP percentage of total XP
 D = Non-vault monster count
 E = Vault monster count
 F = Vault count percentage of total count
                 A         B        C        D         E       F
            +---------+---------+-------+---------+---------+-------
      Total |   46149 |   19614 |  29.8 |     341 |     111 |  24.6
            +---------+---------+-------+---------+---------+-------
        D:1 |      30 |       0 |   0.0 |      14 |       0 |   0.0
        D:2 |      15 |       0 |   0.0 |       7 |       0 |   0.0
        D:3 |      84 |     138 |  62.2 |      21 |      10 |  32.3
        D:4 |      32 |     283 |  89.8 |      13 |      12 |  48.0
        D:5 |     392 |       0 |   0.0 |      13 |       0 |   0.0
        D:6 |     793 |       0 |   0.0 |      21 |       0 |   0.0
        D:7 |    1492 |    1078 |  41.9 |      27 |       2 |   6.9
        D:8 |    2865 |       0 |   0.0 |      33 |       0 |   0.0
        D:9 |    3644 |    1704 |  31.9 |      37 |      10 |  21.3
       D:10 |    3335 |    5299 |  61.4 |      17 |      23 |  57.5
       D:11 |    3921 |       0 |   0.0 |      23 |       0 |   0.0
     Lair:1 |    2705 |     800 |  22.8 |      11 |       2 |  15.4
     Lair:2 |    6693 |    2555 |  27.6 |      25 |      25 |  50.0
     Lair:3 |    5280 |    3882 |  42.4 |      22 |       9 |  29.0
     Lair:4 |   10530 |    2131 |  16.8 |      33 |       6 |  15.4
     Lair:5 |    1551 |       0 |   0.0 |       8 |       0 |   0.0
      Orc:1 |    1414 |       0 |   0.0 |      13 |       0 |   0.0
      Orc:2 |    1373 |    1744 |  56.0 |       3 |      12 |  80.0
            +---------+---------+-------+---------+---------+-------
